 Dungeon Crawl Stone Soup version 0.29-a0-96-g93358da72b (webtiles) character file.

Game seed: 16470761070299942477

301 siradein the Insei (level 6, -3/46 HPs)
             Began as a Merfolk Transmuter on Feb 10, 2022.
             Slain by a gnoll (10 damage)
             ... on level 4 of the Dungeon.
             The game lasted 00:05:37 (4550 turns).

siradein the Insei (Merfolk Transmuter)             Turns: 4550, Time: 00:05:37

Health: -3/46      AC:  4    Str: 10    XL:     6   Next: 37%
Magic:  9/10       EV: 13    Int: 15    God:
Gold:   137        SH:  0    Dex: 14    Spells: 1/11 levels left

rFire   + . .      SeeInvis +   g - +0 spear (venom)
rCold   + . .      Faith    .   (no shield)
rNeg    . . .      Spirit   .   j - +2 robe {rC+ rF+}
rPois   .          Reflect  .   (helmet currently unavailable)
rElec   .          Harm     .   (no cloak)
rCorr   .          Rampage  .   (no gloves)
Will    .....                   (boots currently unavailable)
Stlth   +.........              (no amulet)
HPRegen 0.15/turn               m - ring of see invisible
MPRegen 0.12/turn               (no ring)

@: appendages
A: horns 2, (nimble swimmer 2), mertail
a: End Transformation


You were on level 4 of the Dungeon.
You had temporarily grown beastly horns.
You visited 1 branch of the dungeon, and saw 4 of its levels.

You collected 137 gold pieces.

Inventory:

Hand Weapons
 g - a +0 spear of venom (weapon)
Armour
 c - a +0 helmet (melded)
 j - a +2 robe of resistance (worn)
Jewellery
 m - a ring of see invisible (left hand)
Scrolls
 a - a scroll of fog
 b - a scroll of silence
 d - a scroll of teleportation
 f - a scroll of immolation
 h - 3 scrolls of enchant armour {unknown}
 i - a scroll of amnesia {unknown}
Potions
 e - a potion of mutation
 k - a potion of might {unknown}


   Skills:
 + Level 2.9 Fighting
 + Level 4.3 Dodging
 + Level 4.3 Unarmed Combat
 + Level 3.0 Spellcasting
 + Level 4.2 Transmutations
 + Level 2.0 Poison Magic


You had one spell level left.
You knew the following spells:

 Your Spells              Type           Power      Damage    Failure   Level
a - Beastly Appendage     Tmut           30%        N/A       3%          1
b - Wereblood             Tmut           15%        N/A       5%          2
c - Spider Form           Tmut/Pois      11%        N/A       16%         3
d - Ice Form              Ice/Tmut       8%         N/A       63%         4

Your spell library contained the following spells:

 Spells                   Type           Power      Damage    Failure   Level


Dungeon Overview and Level Annotations

Branches:
Dungeon (4/15)
 Temple: D:4-7

Altars:
Sif Muna

Shops:
D:1 !

Annotations:
D:3 Menkaure


Innate Abilities, Weirdness & Mutations

You have temporarily grown beastly horns.
((You are very nimble when in or above water. (Stealth+, EV+, Speed+++)))
Your lower body shifts to a powerful aquatic tail in water.


Message History

You finish memorising.
Spell assigned to 'd'.
There is an open door here.
There is an open door here.
There is a stone staircase leading down here.
You climb downwards.
Level annotation: Menkaure
There is a stone staircase leading up, spattered with blood here.
(D) Dungeon
Where to? (Enter - D:4, ? - help)
What level of the Dungeon? (default 1, ? - help)
You see here a +0 club.
There is a stone staircase leading down here.
You climb downwards.
The giant cockroach bites you but does no damage.
The gnoll hits you with a +0 flail. The worm completely misses you.
The giant cockroach barely misses you.
There is a stone staircase leading up here.
There are monsters nearby!
There are monsters nearby!
You completely miss the gnoll. Your punch misses the gnoll.
The gnoll hits you with a +0 flail! The giant cockroach closely misses you.
The worm bites you! The giant cockroach misses you.
The gnoll hits you from afar with a +0 spear!
The gnoll hits you from afar with a +0 spear.
The giant cockroach closely misses you.
Casting: Beastly Appendage (safe; 3% risk of failure)
Confirm with . or Enter, or press ? or * to list all spells.
You grow a pair of large bovine horns.
Your +0 helmet melds into your body.
The gnoll misses you.
The gnoll hits you from afar with a +0 spear.
You hit the gnoll.
The gnoll is poisoned.
Your headbutt misses the gnoll.
The gnoll is moderately wounded.
The gnoll hits you with a +0 flail!
* * * LOW HITPOINT WARNING * * *
The gnoll misses you.
You hit the gnoll.
The gnoll is almost dead.
The gnoll hits you with a +0 flail!
You die...

##..#
...## #...
.######.(#
.......g<#
###...wB#
......##.#
# ..?..
#.#####.#
....
#.Bgg@..#
...
#.......#
..
##......#
. ####.#.#
#.#.#
#.#.# #..
. ... .


You could see 2 gnolls and a giant cockroach.

Vanquished Creatures
  Sigmund (D:3)
  A hound (D:3)
  Robin (D:2)
  An adder (D:2)
  2 worms (D:3)
  3 dart slugs
  4 bats
  5 endoplasms (D:1)
  A giant cockroach (D:1)
  5 hobgoblins
  10 jackals
  3 quokkas
  12 ball pythons
  4 frilled lizards
  16 goblins
  6 kobolds
  6 rats
81 creatures vanquished.

Notes
Turn   | Place    | Note
-------+----------+-------------------------------------------
     0 | D:1      | siradein the Merfolk Transmuter began the quest for the
                  | Orb.
     0 | D:1      | Reached XP level 1. HP: 15/15 MP: 3/3
    74 | D:1      | Found Hiptaydea's Distillery.
   113 | D:1      | Reached XP level 2. HP: 12/21 MP: 3/5
   121 | D:1      | Learned a level 2 spell: Wereblood
   605 | D:1      | Reached XP level 3. HP: 27/27 MP: 4/6
   661 | D:1      | Learned a level 3 spell: Spider Form
  1690 | D:2      | Found a shimmering blue altar of Sif Muna.
  1777 | D:2      | Reached XP level 4. HP: 29/33 MP: 7/7
  2364 | D:3      | Noticed Sigmund
  3190 | D:3      | Killed Sigmund
  3191 | D:3      | Reached skill level 1 in Poison Magic
  3191 | D:3      | Reached XP level 5. HP: 9/39 MP: 7/9
  3191 | D:3      | Reached XP level 6. HP: 11/46 MP: 7/10
  3450 | D:3      | Noticed Robin
  3470 | D:2      | Killed Robin
  4111 | D:4      | Noticed Menkaure
  4123 | D:3      | HP: 2/46 [gnoll (8)]
  4446 | D:2      | Learned a level 4 spell: Ice Form
  4550 | D:4      | Slain by a gnoll

Illustrated notes

Levels and vault maps discovered:
D:1:      wander_arrival_desolate, layout_basic, serial_shops, shop,
          minmay_octomino_j4
D:2:      layout_basic, basic_altar
D:3:      layout_rooms, uniq_sigmund, uniq_robin
D:4:      layout_basic, mainiacjoe_overflow_brackets,
          mainiacjoe_overflow_alcove_1, mainiacjoe_overflow_big_doors,
          grunt_temple_overflow_open, minmay_temple_entry_junction_2,
          uniq_menkaure

Skill      XL: |  1  2  3  4  5  6 |
---------------+-------------------+-----
Dodging        | 3 4 |  4.3
Transmutations | 3 4 |  4.2
Fighting       | 2 |  2.9
Unarmed Combat | 4 |  4.3
Poison Magic   | 1 2 |  2.0
Spellcasting   | 3 |  3.0

Action                   |  1- 3 |  4- 6 || total
-------------------------+-------+-------++-------
Melee: Unarmed           |    82 |       ||    82
       Headbutt          |    19 |     9 ||    28
       Punch             |     2 |     4 ||     6
       Spear             |    43 |   100 ||   143
 Cast: Beastly Appendage |    24 |    21 ||    45
  Use: Scroll            |       |     5 ||     5
 Stab: Sleeping          |     1 |     1 ||     2
Armor: Robe              |    25 |    12 ||    37
Dodge: Dodged            |    88 |    64 ||   152

Table legend: (Time is in decaauts)
 A = Elapsed time spent in this place.
 B = Non-inter-level travel time spent in this place.
 C = Inter-level travel time spent in this place.
 D = Time resting spent in this place.
 E = Time spent auto-exploring this place.
 F = Levels seen in this place.
 G = Mean time per level.
                   A        B        C        D        E       F      G
               +--------+--------+--------+--------+--------+-----+--------+
         Total |   4564 |   4417 |    147 |   1182 |   2503 |   4 | 1141.0 |
       Dungeon |   4564 |   4417 |    147 |   1182 |   2503 |   4 | 1141.0 |
               +--------+--------+--------+--------+--------+-----+--------+

Top non-repeatable levels by time:
     D:2: 2392 daAuts
     D:1: 1249 daAuts
     D:3: 899 daAuts
     D:4: 22 daAuts
